 Dungeon Crawl Stone Soup version 0.28-a0-1513-ge4f4046303 (webtiles) character file.

Game seed: 5539834443692951027

606 MacCMillion the Digger (level 7, -4/40 HPs)
             Began as a Gargoyle Earth Elementalist on Jan 16, 2022.
             Was an Initiate of Vehumet.
             Slain by a two-headed ogre (15 damage)
             ... on level 7 of the Dungeon.
             The game lasted 00:19:45 (5310 turns).

MacCMillion the Digger (GrEE)                       Turns: 5310, Time: 00:19:46

Health: -4/40      AC:  8    Str: 12    XL:     7   Next: 42%
Magic:  9/10       EV: 11    Int: 23    God:    Vehumet [......]
Gold:   270        SH:  0    Dex: 10    Spells: 2/10 levels left

rFire   . . .      SeeInvis .   k - +2 hand axe (flame)
rCold   . . .      Faith    .   (no shield)
rNeg    + + .      Spirit   .   b - +0 robe
rPois   ∞          Reflect  .   (no helmet)
rElec   +          Harm     .   t - +0 cloak
rCorr   .          Rampage  .   o - +0 pair of gloves
Will    .....                   (no boots)
Stlth   ++........              (no amulet)
HPRegen 0.13/turn               d - +6 ring of intelligence
MPRegen 0.12/turn               r - ring of positive energy

@: no status effects
A: sickness immunity, AC +4, negative energy resistance 1, electricity
resistance, torment resistance 1, petrification resistance
a: Renounce Religion


You were on level 7 of the Dungeon.
You worshipped Vehumet.
Vehumet was noncommittal.
You visited 2 branches of the dungeon, and saw 8 of its levels.

You collected 270 gold pieces.

Inventory:

Hand Weapons
 f - a +0 mace
 j - a +0 dagger
 k - a +2 hand axe of flaming (weapon)
 u - a +0 quarterstaff
 G - a +3 scimitar
Missiles
 c - 30 stones
 l - 7 poisoned darts
Armour
 b - a +0 robe (worn)
 o - a +0 pair of gloves (worn)
 t - a +0 cloak (worn)
Jewellery
 d - a +6 ring of intelligence (left hand)
 n - an amulet of faith
 r - a ring of positive energy (right hand)
 w - the ring of Xun Suumm {Fly rCorr}
   (You found it on level 4 of the Dungeon)

   [ring of flight]

   Fly:       It grants you flight.
   rCorr:     It protects you from acid and corrosion.
Wands
 x - a wand of polymorph (5)
 C - a wand of flame (19)
Scrolls
 g - a scroll of enchant armour
 h - 3 scrolls of teleportation {unknown}
 i - 2 scrolls of enchant weapon
 p - a scroll of acquirement {unknown}
 s - a scroll of brand weapon {unknown}
 v - a scroll of blinking {unknown}
 y - a scroll of holy word {unknown}
 z - a scroll of fog {unknown}
 E - a scroll of vulnerability {unknown}
 F - a scroll of torment {unknown}
Potions
 a - a potion of curing
 e - a potion of might
 m - 3 potions of heal wounds
 q - 2 potions of lignification
 A - a potion of haste {unknown}
 B - a potion of brilliance {unknown}
 D - 2 potions of berserk rage {unknown}


   Skills:
 + Level 2.3 Fighting
 - Level 0.2 Staves
 - Level 1.5 Dodging
 - Level 4.0 Stealth
 - Level 2.0 Spellcasting
 - Level 3.1 Conjurations
 + Level 1.9 Transmutations
 + Level 7.5 Earth Magic


You had 2 spell levels left.
You knew the following spells:

 Your Spells              Type           Power      Damage    Failure   Level
a - Sandblast             Erth           74%        2d16      1%          1
b - Stone Arrow           Conj/Erth      54%        3d10      4%          3
c - Petrify               Tmut/Erth      24%        N/A       19%         4

Your spell library contained the following spells:

 Spells                   Type           Power      Damage    Failure   Level
 Passwall                 Tmut/Erth      20%        N/A       2%          2
 Freeze                   Ice            8%         1d3       13%         1
 Frozen Ramparts          Ice            4%         1d2       36%         3
 Hailstorm                Conj/Ice       9%         3d4       54%         4


Dungeon Overview and Level Annotations

Branches:
Dungeon (8/15)             Temple (1/1) D:7
   Lair: D:8-11

Altars:
Ashenzari
Cheibriados
Dithmenos
Elyvilon
Fedhas
Gozag
Hepliaklqana
Kikubaaqudgha
Makhleb
Nemelex Xobeh
Qazlal
Sif Muna
Uskayaw
Vehumet
Wu Jian
Xom
Yredelemnul
Zin
The Shining One

Shops:
D:1 (   D:4 :   D:7 *

Annotations:
D:5 Eustachio
D:7 exclusions: door and orc warrior


Innate Abilities, Weirdness & Mutations

You are immune to sickness and miasma.
Your stone body is resilient. (AC +4)
You are immune to poison.
You resist negative energy. (rN+)
You are resistant to electric shocks. (rElec)
You are resistant to unholy torment.
You are immune to petrification.


Message History

The orc hits you but does no damage.
Unknown command.
The helpless two-headed ogre fails to defend itself.
You hit the two-headed ogre but do no damage.
The two-headed ogre is heavily wounded.
You hit the orc but do no damage.
The two-headed ogre is no longer petrified.
The two-headed ogre hits you with a +0 giant spiked club.
The two-headed ogre hits you with a +0 giant club!
The orc hits you with a +0 mace.
* * * LOW HITPOINT WARNING * * *
Things that are here:
a +0 hand axe; a +0 robe The two-headed ogre closely misses you.
The two-headed ogre hits you with a +0 giant club!
* * * LOW HITPOINT WARNING * * *
Aiming: Sandblast (safe; 1% risk of failure)
Press: ? - help, Q - select action, (/) - cycle Shift-Dir - straight line, f/p - two-headed ogre
Aim: a two-headed ogre, wielding a +0 giant spiked club and a +0 giant club (lightly wounded, 91% to hit)
Okay, then.
There is a staircase to the Ecumenical Temple here.
Aiming: Sandblast (safe; 1% risk of failure)
Press: ? - help, Q - select action, (/) - cycle Shift-Dir - straight line, f/p - two-headed ogre
Aim: a two-headed ogre, wielding a +0 giant spiked club and a +0 giant club (lightly wounded, 91% to hit)
The blast of sand hits the orc.
The orc is almost dead.
The orc barely misses you.
Aiming: Sandblast (safe; 1% risk of failure)
Press: ? - help, Q - select action, (/) - cycle Shift-Dir - straight line, f/p - two-headed ogre
Aim: a two-headed ogre, wielding a +0 giant spiked club and a +0 giant club (lightly wounded, 91% to hit)
The blast of sand misses the two-headed ogre.
The blast of sand misses the orc.
Aiming: Sandblast (safe; 1% risk of failure)
Press: ? - help, Q - select action, (/) - cycle Shift-Dir - straight line, f/p - two-headed ogre
Aim: a two-headed ogre, wielding a +0 giant spiked club and a +0 giant club (lightly wounded, 91% to hit)
The blast of sand hits the two-headed ogre!!
The two-headed ogre is heavily wounded.
There is an open door here.
The two-headed ogre hits you with a +0 giant spiked club!
You die...

#..#...##....≈.≈......#
....#.#..#[...........#
.#..#....#............#
..##....#.............# #.
.....>................########.
..#....##..#####.............#..
.#....#..#.....#.............#..
.#..#.#........#######.......#...
..##...#..+.....@Oo..'.......#...
..........#..........#.......#...
..........#######....#.......####
....####.......##....#...........
....#..'.......#..>..+...........
##'##..#.......#.....#...........
.......#.......#.....#...........
.......#.......#.....#...........
...##..#.......#######...........


You could see a two-headed ogre and an orc.

Vanquished Creatures
  An orc warrior (D:7)
  5 wights (D:7)
  An orc priest (D:7)
  An iguana (D:4)
  4 orc wizards
  A hound skeleton (D:4)
  Robin (D:2)
  2 adders
  An ufetubus (D:4)
  A worm (D:2)
  3 dart slugs
  8 orcs
  6 endoplasms
  3 giant cockroaches
  15 goblins
  6 hobgoblins
  5 jackals
  3 quokkas
  6 ball pythons
  7 bats
  4 frilled lizards
  3 kobolds
  4 rats
91 creatures vanquished.

Notes
Turn   | Place    | Note
-------+----------+-------------------------------------------
     0 | D:1      | MacCMillion the Gargoyle Earth Elementalist began the quest
                  | for the Orb.
     0 | D:1      | Reached XP level 1. HP: 10/10 MP: 3/3
    61 | D:1      | Reached skill level 1 in Transmutations
   126 | D:1      | Reached XP level 2. HP: 15/15 MP: 3/5
   131 | D:1      | Reached skill level 4 in Earth Magic
   508 | D:1      | Found a faded altar of an unknown god.
   510 | D:1      | Found Sainnasulu's Weapon Shoppe.
   742 | D:1      | Reached XP level 3. HP: 14/19 MP: 3/6
  1440 | D:2      | Reached skill level 5 in Earth Magic
  1477 | D:2      | Noticed Robin
  1501 | D:2      | Killed Robin
  1502 | D:2      | Reached XP level 4. HP: 22/24 MP: 4/7
  2021 | D:2      | Learned a level 3 spell: Stone Arrow
  2041 | D:2      | Found an ancient bone altar of Kikubaaqudgha.
  2678 | D:3      | Reached skill level 1 in Conjurations
  2679 | D:3      | Reached XP level 5. HP: 22/28 MP: 5/8
  2784 | D:3      | Reached skill level 6 in Earth Magic
  3609 | D:4      | Found Xakhlinlo's Self-Improvement Boutique.
  3685 | D:4      | Identified the ring of Xun Suumm {Fly rCorr}
  4030 | D:5      | Entered Level 5 of the Dungeon
  4197 | D:5      | Noticed Eustachio
  4245 | D:5      | You fall into a shaft and drop 3 floors!
  4360 | D:7      | Noticed a wyvern
  4399 | D:7      | Noticed an orc warrior
  4496 | D:7      | Killed an orc warrior
  4497 | D:7      | Reached XP level 6. HP: 30/32 MP: 4/9
  4516 | D:7      | Reached skill level 7 in Earth Magic
  4656 | D:7      | Noticed an orc warrior
  4678 | D:7      | Found a staircase to the Ecumenical Temple.
  4688 | Temple   | Entered the Ecumenical Temple
  4743 | Temple   | Became a worshipper of Vehumet
  4823 | D:7      | Learned a level 4 spell: Petrify
  4828 | D:7      | Found Otsuoxem's General Store.
  4829 | D:7      | Found Pussion's Specific Store.
  4890 | D:7      | Reached skill level 1 in Fighting
  4890 | D:7      | Reached XP level 7. HP: 38/38 MP: 4/10
  5218 | D:7      | Noticed a two-headed ogre
  5310 | D:7      | Slain by a two-headed ogre

Illustrated notes

Levels and vault maps discovered:
D:1:      dpeg_arrival_rooms_a, layout_loops_cross, serial_shops,
          nicolae_shop_bloodbath_and_beyond, basic_ecumenical_altar
D:2:      layout_basic, basic_altar, uniq_robin
D:3:      layout_rooms
D:4:      layout_gridville, minmay_strange_pillars, corexii_shack,
          nicolae_shop_self_help
D:5:      layout_layer_cave, uniq_duvessa, uniq_eustachio, uniq_ijyb
D:7:      minmay_cornered_nines, layout_gridville,
          minmay_temple_entry_mini_moons, nicolae_specific_store,
          minmay_diced_spiral, uniq_joseph
D:8:      layout_basic, uniq_psyche
Temple:   compressed_dpeg_triangle_lava_temple

Skill      XL: |  1  2  3  4  5  6  7 |
---------------+----------------------+-----
Transmutations | 1 |  1.9
Earth Magic    | 4 5 6 7 |  7.5
Stealth        | 3 4 |  4.0
Conjurations   | 1 3 |  3.1
Fighting       | 1 2 |  2.3
Staves         | |  0.2
Dodging        | |  1.5
Spellcasting   | |  2.0

Action                   |  1- 3 |  4- 6 |  7- 9 || total
-------------------------+-------+-------+-------++-------
Melee: Dagger            |    15 |       |       ||    15
       Mace              |    11 |       |       ||    11
       Hand axe          |    30 |   106 |    13 ||   149
       Quarterstaff      |       |    10 |       ||    10
Throw: Dart              |       |       |     1 ||     1
 Cast: Sandblast         |    18 |    24 |    15 ||    57
       Stone Arrow       |       |     1 |     4 ||     5
       Petrify           |       |       |     1 ||     1
  Use: Scroll            |       |     5 |       ||     5
       Potion            |       |     1 |       ||     1
 Stab: Sleeping          |     4 |     8 |       ||    12
       Petrified         |       |       |     7 ||     7
Armor: Robe              |    21 |    68 |     5 ||    94
Dodge: Dodged            |    35 |    73 |     9 ||   117

Table legend: (Time is in decaauts)
 A = Elapsed time spent in this place.
 B = Non-inter-level travel time spent in this place.
 C = Inter-level travel time spent in this place.
 D = Time resting spent in this place.
 E = Time spent auto-exploring this place.
 F = Levels seen in this place.
 G = Mean time per level.
                   A        B        C        D        E       F      G
               +--------+--------+--------+--------+--------+-----+--------+
         Total |   5357 |   5188 |    169 |    910 |   2871 |   8 |  669.6 |
       Dungeon |   5288 |   5131 |    157 |    910 |   2829 |   7 |  755.4 |
        Temple |     68 |     56 |     12 |      0 |     42 |   1 |   68.0 |
               +--------+--------+--------+--------+--------+-----+--------+

Top non-repeatable levels by time:
     D:2: 1394 daAuts
     D:1: 964 daAuts
     D:7: 938 daAuts
     D:3: 879 daAuts
     D:4: 830 daAuts
     D:5: 214 daAuts
  Temple: 68 daAuts
     D:8: 65 daAuts
